 Dungeon Crawl Stone Soup version 0.28-a0-1638-g9123634e07 (webtiles) character file.

Game seed: 7678520407771611091

974 hashsling the Ruffian (level 7, 0/61 HPs)
             Began as a White Draconian Transmuter on Jan 25, 2022.
             Slain by a kobold brigand (2 damage)
             ... in a sewer.
             The game lasted 00:11:24 (5555 turns).

hashsling the Ruffian (White Draconian Transmuter)  Turns: 5555, Time: 00:11:24

Health: 0/61       AC:  6    Str: 14    XL:     7   Next: 95%
Magic:  9/10       EV: 13    Int: 14    God:
Gold:   214        SH:  0    Dex: 11    Spells: 0/10 levels left

rFire   x . .      SeeInvis .     - Unarmed
rCold   + + .      Faith    .   (no shield)
rNeg    . . .      Spirit   .   (armour unavailable)
rPois   .          Reflect  .   (helmet currently unavailable)
rElec   .          Harm     .   (no cloak)
rCorr   .          Rampage  .   (no gloves)
Will    .....                   (boots currently unavailable)
Stlth   +.........              (no amulet)
HPRegen 0.20/turn               d - ring of ice
MPRegen 0.12/turn               (no ring)

@: appendages, very slow
A: horns 2, talons 2, breathe frost, AC +6, unfitting armour, cold resistance 1,
cold-blooded
a: Breathe Frost, End Transformation


You were in a sewer.
You had temporarily grown beastly horns and talons.
You visited 1 branch of the dungeon, and saw 5 of its levels.
You also visited: Sewer.

You collected 214 gold pieces.

Inventory:

Jewellery
 d - a ring of ice (left hand)
Wands
 l - a wand of iceblast (7)
Scrolls
 c - a scroll of magic mapping
 e - a scroll of blinking {unknown}
 g - a scroll of teleportation {unknown}
 i - 2 scrolls of silence
Potions
 a - a potion of brilliance {unknown}
 b - 2 potions of mutation
 f - 3 potions of attraction
 h - a potion of degeneration {unknown}
 j - a potion of resistance {unknown}
 k - a potion of magic {unknown}
 m - 3 potions of haste


   Skills:
 * Level 5.1 Fighting
 * Level 4.4 Dodging
 * Level 5.5 Unarmed Combat
 - Level 2.0 Spellcasting
 - Level 4.0 Transmutations
 * Level 2.7 Ice Magic


You couldn't memorise any spells.
You knew the following spells:

 Your Spells              Type           Power      Damage    Failure   Level
a - Beastly Appendage     Tmut           24%        N/A       4%          1
b - Wereblood             Tmut           12%        N/A       7%          2
c - Spider Form           Tmut/Pois      7%         N/A       30%         3
d - Ice Form              Ice/Tmut       16%        N/A       52%         4

Your spell library contained the following spells:

 Spells                   Type           Power      Damage    Failure   Level


Dungeon Overview and Level Annotations

Branches:
Dungeon (5/15)             Temple (0/1) D:5           Sewer (1/1)

Altars:
Elyvilon


Innate Abilities, Weirdness & Mutations

You have temporarily grown beastly horns and talons.
You can breathe waves of freezing cold which knock back foes.
Your icy white scales are hard. (AC +6)
You cannot fit into any form of body armour.
Your flesh is cold resistant. (rC+)
You are cold-blooded and may be slowed by cold attacks.


Message History

You headbutt the kobold brigand.
You tail-slap the kobold brigand, but do no damage.
You punch the kobold brigand, but do no damage.
The kobold brigand is lightly wounded.
The kobold brigand closely misses you.
Your unstable footing causes you to fumble your attack.
The kobold brigand hits you with a +0 club.
Your unstable footing causes you to fumble your attack.
The kobold brigand hits you with a +0 club.
* * * LOW HITPOINT WARNING * * *
Your unstable footing causes you to fumble your attack.
The kobold brigand hits you with a +0 club.
* * * LOW HITPOINT WARNING * * *
You hit the kobold brigand but do no damage.
You claw the kobold brigand.
Your headbutt misses the kobold brigand.
The kobold brigand is lightly wounded.
The kobold brigand hits you with a +0 club!
* * * LOW HITPOINT WARNING * * *
You closely miss the kobold brigand.
Your headbutt misses the kobold brigand.
The kobold brigand is lightly wounded.
Your horns disappear.
Your talons disappear.
The kobold brigand splashes around in the water.
You are too injured to fight recklessly!
Casting: Beastly Appendage (safe; 4% risk of failure)
Press: ? - help, Q - select action, (/) - cycle Dir - look around, f - activate You grow a pair of large bovine horns.
Your feet morph into talons.
The kobold brigand hits you with a +0 club!
* * * LOW HITPOINT WARNING * * *
You completely miss the kobold brigand. You claw the kobold brigand.
The kobold brigand is moderately wounded.
You hit the kobold brigand. You claw the kobold brigand.
The kobold brigand is severely wounded.
The kobold brigand barely misses you.
You barely miss the kobold brigand.
You claw the kobold brigand, but do no damage.
The kobold brigand is severely wounded.
The kobold brigand hits you with a +0 club.
You die...

#≈≈≈.≈≈ #≈≈..≈.
####### ##≈≈.≈≈.
#.≈≈≈.##### ##..≈.≈≈.
#####≈≈.≈≈####≈.≈≈##≈.
#.≈≈)≈###≈.≈≈≈.≈≈####.
####### #≈≈≈≈≈≈≈.# #.
#.≈≈≈K###≈≈..≈≈.## ≈≈
#####@≈≈≈≈#######
#!≈≈≈≈##### #######


You could see a kobold brigand.

Vanquished Creatures
  Grinder (D:4)
  A phantom (D:4)
  Blork the orc (D:5)
  3 kobold brigands (Sewer)
  A jelly (D:4)
  Natasha (thrice) (D:3)
  An orc wizard (D:3)
  A hound skeleton (D:4)
  Robin (D:2)
  4 gnolls (D:4)
  13 adders
  4 worms
  5 dart slugs
  4 orcs (D:3)
  A bat (D:2)
  9 endoplasms
  5 giant cockroaches
  17 goblins
  7 hobgoblins
  3 quokkas
  11 ball pythons
  2 frilled lizards (D:2)
  A jackal skeleton (D:4)
  10 kobolds
  11 rats
120 creatures vanquished.

Vanquished Creatures (others)
  A fungus (D:1)
  A plant (D:1)
2 creatures vanquished.

Grand Total: 122 creatures vanquished

Notes
Turn   | Place    | Note
-------+----------+-------------------------------------------
     0 | D:1      | hashsling the Draconian Transmuter began the quest for the
                  | Orb.
     0 | D:1      | Reached XP level 1. HP: 16/16 MP: 3/3
   123 | D:1      | Reached XP level 2. HP: 17/23 MP: 3/5
   126 | D:1      | Learned a level 2 spell: Wereblood
   307 | D:1      | Found a faded altar of an unknown god.
  1041 | D:2      | Reached XP level 3. HP: 29/29 MP: 4/6
  1589 | D:2      | Learned a level 3 spell: Spider Form
  1697 | D:2      | Noticed Robin
  1700 | D:2      | Reached XP level 4. HP: 36/36 MP: 3/7
  1704 | D:2      | Killed Robin
  2053 | D:3      | Noticed Natasha
  2065 | D:3      | Killed Natasha
  2066 | D:3      | Reached XP level 5. HP: 26/44 MP: 8/8
  2321 | D:3      | Noticed Natasha
  2486 | D:3      | Killed Natasha
  2679 | D:3      | Noticed Natasha
  2688 | D:3      | Killed Natasha
  3080 | D:3      | Found a white marble altar of Elyvilon.
  3457 | D:4      | Noticed Grinder
  3464 | D:4      | Paralysed by Grinder for 6 turns
  3477 | D:4      | Killed Grinder
  3478 | D:4      | Reached XP level 6. HP: 24/52 MP: 9/9
  3861 | D:4      | HP: 2/52 [acid (8)]
  3866 | D:4      | Your scales start taking on an icy white colour.
  3866 | D:4      | Reached XP level 7. HP: 24/59 MP: 10/10
  3866 | D:4      | Gained mutation: Your flesh is cold resistant. (rC+) [White
                  | Draconian growth]
  3879 | D:4      | Learned a level 4 spell: Ice Form
  4214 | D:4      | Reached skill level 5 in Unarmed Combat
  4214 | D:4      | Reached skill level 1 in Ice Magic
  4712 | D:5      | Entered Level 5 of the Dungeon
  4807 | D:5      | Noticed Blork the orc
  4819 | D:5      | Killed Blork the orc
  4843 | D:5      | Found a glowing drain.
  4854 | Sewer    | Entered a sewer
  5324 | Sewer    | Reached skill level 5 in Fighting
  5552 | Sewer    | HP: 1/61 [kobold brigand (7)]
  5555 | Sewer    | Slain by a kobold brigand

Illustrated notes

Levels and vault maps discovered:
D:1:      roderic_crop_circles_arrival_small, layout_basic,
          shapermc_ecumenical_altar_mp_urbaneastern, hex_intersection
D:2:      kb_forest_paths, layout_basic, minmay_pentomino_t4, uniq_robin
D:3:      layout_loops_ring, elyvilon_altar_1, uniq_natasha
D:4:      layout_loops_cross, chequers_serial_rivers_small_a, uniq_grinder
D:5:      layout_loops_ring, minmay_temple_entry_purple_smoke,
          portal_sewer_entry_c, uniq_blork_the_orc, uniq_edmund
Sewer:    sewer_co_tree

Skill      XL: |  1  2  3  4  5  6  7 |
---------------+----------------------+-----
Dodging        | 2 3 4 |  4.4
Fighting       | 2 4 5 |  5.1
Transmutations | 3 4 |  4.0
Unarmed Combat | 4 5 |  5.5
Ice Magic      | 2 |  2.7
Spellcasting   | |  2.0

Action                   |  1- 3 |  4- 6 |  7- 9 || total
-------------------------+-------+-------+-------++-------
Melee: Unarmed           |    97 |   127 |   121 ||   345
       Kick              |    21 |    31 |    36 ||    88
       Headbutt          |     9 |    22 |    21 ||    52
       Tailslap          |    14 |     9 |    15 ||    38
       Punch             |       |     3 |     3 ||     6
 Cast: Beastly Appendage |    25 |    22 |    19 ||    66
       Wereblood         |     2 |       |     7 ||     9
Evoke: Wand              |       |     5 |       ||     5
  Use: Scroll            |       |     4 |     3 ||     7
       Potion            |       |     2 |     1 ||     3
 Stab: Sleeping          |       |       |     1 ||     1
Armor: Skin              |    16 |    31 |    19 ||    66
Dodge: Dodged            |    60 |    42 |    72 ||   174

Table legend: (Time is in decaauts)
 A = Elapsed time spent in this place.
 B = Non-inter-level travel time spent in this place.
 C = Inter-level travel time spent in this place.
 D = Time resting spent in this place.
 E = Time spent auto-exploring this place.
 F = Levels seen in this place.
 G = Mean time per level.
                   A        B        C        D        E       F      G
               +--------+--------+--------+--------+--------+-----+--------+
         Total |   5643 |   5572 |     71 |      0 |   4698 |   6 |  940.5 |
       Dungeon |   4840 |   4769 |     71 |      0 |   4080 |   5 |  968.0 |
         Sewer |    802 |    802 |      0 |      0 |    617 |   1 |  802.0 |
               +--------+--------+--------+--------+--------+-----+--------+

Top non-repeatable levels by time:
     D:3: 1476 daAuts
     D:4: 1256 daAuts
     D:2: 1074 daAuts
     D:1: 891 daAuts
   Sewer: 802 daAuts
     D:5: 141 daAuts
